 Dungeon Crawl Stone Soup version 0.17.0-15-g6d90897 (webtiles) character file.

45 Gravenous the Conjurer (level 3, -2/28 HPs)
             Began as a Naga Conjurer on Nov 10, 2015.
             Killed from afar by Ijyb (9 damage)
             ... with a wand of magic darts
             ... on level 2 of the Dungeon.
             The game lasted 00:03:16 (1431 turns).

Gravenous the Conjurer (Naga Conjurer)              Turns: 1431, Time: 00:03:16

Health: -2/28      AC:  3    Str: 10    XL:     3   Next: 64%
Magic:  1/6        EV: 10    Int: 16    God:
Gold:   64         SH:  0    Dex: 11    Spells: 1 memorised, 5 levels left

rFire  . . .     SeeInvis +     e - +0 whip
rCold  . . .     Clarity  .     a - +0 robe
rNeg   . . .     SustAt   .     (no shield)
rPois  +         Gourm    .     (no helmet)
rElec  .         Spirit   .     (no cloak)
rCorr  .         Warding  .     k - +0 pair of gloves
rMut   .         Stasis   .     (no barding)
MR     .....                    (no amulet)
Stlth  +++.......               (no ring)
                                (no ring)

@: short of breath, very slightly contaminated, invisible, very slow, not
resistant to hostile enchantments, fairly stealthy
A: see invisible, deformed body, poison resistance, slowness 2, slow metabolism
1, spit poison 2, AC +1
a: Spit Poison


You were on level 2 of the Dungeon.
You were not hungry.

You visited 1 branch of the dungeon, and saw 2 of its levels.

You collected 64 gold pieces.

Inventory:

Hand Weapons
 e - a +0 whip (weapon)
Armour
 a - a +0 robe (worn)
 k - a +0 pair of gloves (worn)
Scrolls
 d - 4 scrolls of remove curse {unknown}
 h - a scroll of noise {unknown}
Potions
 f - a potion of curing {unknown}
 i - a potion of brilliance {unknown}
 l - a potion of lignification {unknown}
Books
 b - a book of Conjurations

   Spells                             Type                      Level
   a - Magic Dart                     Conjuration                  1
   b - Searing Ray                    Conjuration                  2
   c - Dazzling Spray                 Conjuration/Hexes            3
   d - Fulminant Prism                Conjuration/Hexes            4
   e - Iskenderun's Mystic Blast      Conjuration                  4
   f - Iskenderun's Battlesphere      Conjuration/Charms           5
Comestibles
 c - 3 bread rations
 j - 3 chunks of flesh


   Skills:
 - Level 1.5 Dodging
 + Level 3.8 Stealth
 + Level 2.3 Spellcasting
 * Level 4.7 Conjurations


You had 5 spell levels left.
You knew the following spells:

 Your Spells              Type           Power        Failure   Level  Hunger
a - Magic Dart            Conj           ###.         3%          1    #......


Dungeon Overview and Level Annotations

Branches:
Dungeon (2/15)

Altars:
Ru

Annotations:
D:2 Ijyb


Innate Abilities, Weirdness & Mutations

You cannot wear boots.
Your serpentine skin is tough (AC +1).
You have supernaturally acute eyesight.
Armour fits poorly on your strangely shaped body.
Your system is resistant to poisons.
You cover ground very slowly.
You have a slow metabolism.
You can spit poison.


Message History

* * * LOW HITPOINT WARNING * * *
Drink which item? (? for menu, Esc to quit)
It was a potion of invisibility.
You fade into invisibility!
You are very lightly contaminated with residual magic.
Press: ? - help, Shift-Dir - straight line, f/p - Ijyb
Aim: Ijyb, carrying a wand of magic darts {zapped: 3} (moderately wounded)
The splash of poison hits Ijyb.
Ijyb is poisoned.
Ijyb is heavily wounded.
You feel slightly more hungry.
A worm comes into view.
Casting: Magic Dart
Confirm with . or Enter, or press ? or * to list all spells.
Aiming: Magic Dart
Press: ? - help, Shift-Dir - straight line, f/p - Ijyb
Aim: Ijyb, carrying a wand of magic darts {zapped: 3} (heavily wounded, poisoned, hasn't noticed you)
The magic dart hits Ijyb.
Ijyb is heavily wounded.
Ijyb zaps a wand.
The magic dart hits you!
You die...

#+#.....##..#
....†...÷##..#
........(....#
.........#.##.#
.........#.##.#
.....#####..#.#
.... ##.#.# ..
.#.# .#@#
........g.#
######..###
..># ....#
.....# #####.#
#w#


You could see Ijyb and a worm (wandering).

Vanquished Creatures
  An adder (D:2)
  2 bats
  5 giant cockroaches
  7 goblins
  4 hobgoblins
  2 jackals (D:1)
  3 ball pythons
  A giant gecko (D:2)
  4 giant newts
  3 kobolds (D:1)
  3 rats (D:1)
35 creatures vanquished.

Notes
Turn   | Place    | Note
--------------------------------------------------------------
     0 | D:1      | Gravenous the Naga Conjurer began the quest for the Orb.
     0 | D:1      | Reached XP level 1. HP: 15/15 MP: 3/3
   204 | D:1      | Reached XP level 2. HP: 17/22 MP: 0/5
  1091 | D:1      | Reached XP level 3. HP: 28/28 MP: 4/6
  1337 | D:2      | Found a sacrificial altar of Ru.
  1420 | D:2      | Noticed Ijyb
  1431 | D:2      | Killed from afar by Ijyb

Action                   || total
-------------------------++-------
Melee: Whip              ||    20
 Cast: Magic Dart        ||    59
 Abil: Spit Poison       ||    10
  Use: Potion            ||     1
  Eat: Chunk             ||     2
